Description

Best timing is around when 1/1 and stim are done.

Replay - Romanticide LE (405)

Build Order

Get SALT Encoding   

  12  0:03  SCV  
  13  0:16  SCV  
  14  0:24  Supply Depot  
  14  0:28  SCV  
  15  0:46  SCV  
  16  0:58  SCV  
  17  1:11  Command Center  
  17  1:10  SCV  
  18  1:18  Barracks  
  18  1:22  SCV  
  19  1:37  Barracks  
  19  1:41  SCV  
  19  1:43  Refinery  
  20  1:54  SCV  
  21  2:06  SCV  
  22  2:09  Marine  
  23  2:19  Bunker  
  23  2:20  Orbital Command x2  
  23  2:29  Marine x2  
  26  2:59  Factory  
  26  3:05  Marine x2  
  30  3:15  Supply Depot  
  32  3:23  Command Center  
  33  3:42  Marine x2  
  35  3:53  Factory Tech Lab  
  38  4:06  Barracks Tech Lab  
  38  4:09  Barracks Reactor  
  40  4:26  Marauder  
  44  4:32  Siege Tank  
  44  4:35  Supply Depot  
  48  4:43  Refinery x3  
  48  4:47  Orbital Command  
  48  4:49  Marine x3  
  53  4:59  Supply Depot  
  53  5:05  Siege Tank  
  53  5:06  Engineering Bay x2  
  57  5:19  Marauder  
  57  5:20  Orbital Command  
  61  5:21  Supply Depot  
  61  5:41  Marauder, Siege Tank  
  68  5:51  Starport  
  69  5:58  Barracks x2  
  69  6:02  Marauder  
  77  6:19  Siege Tank  
  77  6:24  Stimpack  
  81  6:32  Starport Reactor  
  85  6:49  Barracks Reactor  
  85  6:50  Barracks Tech Lab  
  88  6:57  Terran Infantry Armor Level 1, Terran Infantry Weapons Level 1  
  88  6:58  Siege Tank  
  96  7:18  Marauder x2  
  102  7:24  Combat Shield  
  102  7:25  Medivac x2  
  108  7:40  Marauder  
  114  7:54  Barracks x2  
  114  8:00  Medivac x2  
  114  8:01  Marauder x2  
  114  8:03  Concussive Shells  
  126  8:23  Marauder, Refinery  
  133  8:27  Siege Tank  
  133  8:30  Medivac x2  
  145  8:48  Barracks Reactor  
  145  8:50  Barracks Tech Lab  
  144  9:02  Armory  
  142  9:30  Medivac x2  
  155  9:31  Siege Tank  
Spawning Tool Build Advisor. Get it on Overwolf

Go to:

Details

  • Created by: rederoin
  • Published on: Jul 13, 2021
  • Modified on: Jul 13, 2021
  • Patch: 4.11.0
  • Difficulty: Medium
Show
View Real Time Build Order
Export as new Build Order

Comments (0)

There are no comments. Be the first!

Create an account to comment!